TOP OF THE 1ST |
Menlo Maniacs batting - Pitching for Bismarck Barons : LHP Curt Montgomery
|
Pitching: LHP Curt Montgomery
|
|
Batting: LHB Pedro Rodríguez
|
0-0: Ball 1-0: Ball 2-0: Ball 3-0: Called Strike 3-1: Ground out 6-3 (Groundball, 6)
|
Batting: LHB Dan Hamilton
|
0-0: Called Strike 0-1: Ball 1-1: Ground out 4-3 (Groundball, 4M)
|
Batting: RHB Daryl Floyd
|
0-0: Swinging Strike 0-1: Foul Ball, location: 2F 0-2: Strikes out swinging
|
Top of the 1st over - 0 run(s), 0 hit(s), 0 error(s), 0 left on base; Menlo 0 - Bismarck 0 |
BOTTOM OF THE 1ST |
Bismarck Barons batting - Pitching for Menlo Maniacs : RHP David Bishop
|
Pitching: RHP David Bishop
|
|
Batting: LHB John Frost
|
0-0: Called Strike 0-1: Foul Ball, location: 2F 0-2: Ball 1-2: Ball 2-2: Foul Ball, location: 2F 2-2: Ball 3-2: Ground out 1-3 (Groundball, 15)
|
Batting: RHB Roberto García
|
0-0: Ball 1-0: Ball 2-0: Ground out 1-3 (Groundball, 25)
|
Batting: LHB Pedro Díaz
|
0-0: Ball 1-0: SINGLE (Flyball, 89S)
|
Batting: RHB Seiji Kouno
|
0-0: Fielders Choice at 2nd, 6-4 (Groundball, 6)
|
Bottom of the 1st over - 0 run(s), 1 hit(s), 0 error(s), 0 left on base; Menlo 0 - Bismarck 0 |
TOP OF THE 2ND |
Menlo Maniacs batting - Pitching for Bismarck Barons : LHP Curt Montgomery
|
Batting: RHB Steve Sampson
|
0-0: Called Strike 0-1: Foul Ball, location: 2F 0-2: Fly out, F7 (Popup, 5D)
|
Batting: LHB Paul Alexander
|
0-0: Called Strike 0-1: Ball 1-1: Swinging Strike 1-2: Strikes out looking
|
Batting: RHB Philip Burke
|
0-0: SOLO HOME RUN (Flyball, 9D), Distance : 352 ft
|
Batting: RHB Jesús Cuevas
|
0-0: Ball 1-0: Ground out 4-3 (Groundball, 4M)
|
Top of the 2nd over - 1 run(s), 1 hit(s), 0 error(s), 0 left on base; Menlo 1 - Bismarck 0 |
BOTTOM OF THE 2ND |
Bismarck Barons batting - Pitching for Menlo Maniacs : RHP David Bishop
|
Batting: SHB Manuel Hegnauer
|
0-0: SINGLE (Line Drive, 8LS)
|
Batting: RHB Pancho Torres
|
0-0: Ball 1-0: Grounds into double play, 4-6-3 (Groundball, 4)
|
Batting: RHB Michael Thomas
|
0-0: Ball 1-0: SINGLE (Groundball, 34D)
|
Batting: SHB Jeff Chambers
|
0-0: Ball Wild Pitch! Michael Thomas to second 1-0: Ball 2-0: Swinging Strike 2-1: Swinging Strike 2-2: Strikes out swinging
|
Bottom of the 2nd over - 0 run(s), 2 hit(s), 0 error(s), 1 left on base; Menlo 1 - Bismarck 0 |
TOP OF THE 3RD |
Menlo Maniacs batting - Pitching for Bismarck Barons : LHP Curt Montgomery
|
Batting: RHB Ernest Russell
|
0-0: SINGLE (Line Drive, 34D)
|
Batting: RHB Richie Miller
|
0-0: Foul Ball, location: 2F 0-1: Ball 1-1: Foul Ball, location: 2F 1-2: Ball 2-2: Ball 3-2: Strikes out looking Ernest Russell steals 2nd base Batter strikes out.
|
Batting: LHB Pedro Rodríguez
|
0-0: Called Strike 0-1: Ball 1-1: Fly out, F9 (Flyball, 89S)
|
Batting: LHB Dan Hamilton
|
0-0: Called Strike 0-1: Fly out, F3 (Line Drive, 3S)
|
Top of the 3rd over - 0 run(s), 1 hit(s), 0 error(s), 1 left on base; Menlo 1 - Bismarck 0 |
BOTTOM OF THE 3RD |
Bismarck Barons batting - Pitching for Menlo Maniacs : RHP David Bishop
|
Batting: LHB Jorge Fernández
|
0-0: Ball 1-0: Ball 2-0: Foul Ball, location: 2F 2-1: Ball 3-1: Base on Balls
|
Batting: LHB John Frost
|
0-0: Foul Ball, location: 2F 0-1: Ball 1-1: Ball 2-1: Swinging Strike 2-2: Fly out, F8 (Line Drive, 8RM)
|
Batting: RHB Roberto García
|
0-0: Called Strike 0-1: Swinging Strike 0-2: Ball 1-2: Ball 2-2: Grounds into double play, 5-4-3 (Groundball, 5)
|
Bottom of the 3rd over - 0 run(s), 0 hit(s), 0 error(s), 0 left on base; Menlo 1 - Bismarck 0 |
TOP OF THE 4TH |
Menlo Maniacs batting - Pitching for Bismarck Barons : LHP Curt Montgomery
|
Batting: RHB Daryl Floyd
|
0-0: Ball 1-0: Ball 2-0: Called Strike 2-1: Foul Ball, location: 2F 2-2: Foul Ball, location: 2F 2-2: Strikes out swinging
|
Batting: RHB Steve Sampson
|
0-0: Foul Ball, location: 2F 0-1: Foul Ball, location: 2F 0-2: Foul Ball, location: 2F 0-2: Ball 1-2: Foul Ball, location: 2F 1-2: Ball 2-2: Ball 3-2: Fly out, F8 (Flyball, 8LM)
|
Batting: LHB Paul Alexander
|
0-0: Called Strike 0-1: Ball 1-1: Ball 2-1: Swinging Strike 2-2: Hit by Pitch
|
Batting: RHB Philip Burke
|
0-0: Ball Paul Alexander steals 2nd base 1-0: Ball 2-0: Foul Ball, location: 2F 2-1: Ground out 1-3 (Groundball, 15)
|
Top of the 4th over - 0 run(s), 0 hit(s), 0 error(s), 1 left on base; Menlo 1 - Bismarck 0 |
BOTTOM OF THE 4TH |
Bismarck Barons batting - Pitching for Menlo Maniacs : RHP David Bishop
|
Batting: LHB Pedro Díaz
|
0-0: Ball 1-0: Ball 2-0: Ground out 3-1 (Groundball, 34S)
|
Batting: RHB Seiji Kouno
|
0-0: Called Strike 0-1: Fly out, F3 (Popup, 3DF)
|
Batting: SHB Manuel Hegnauer
|
0-0: Ground out U3 (Groundball, 3S)
|
Bottom of the 4th over - 0 run(s), 0 hit(s), 0 error(s), 0 left on base; Menlo 1 - Bismarck 0 |
TOP OF THE 5TH |
Menlo Maniacs batting - Pitching for Bismarck Barons : LHP Curt Montgomery
|
Batting: RHB Jesús Cuevas
|
0-0: Called Strike 0-1: Called Strike 0-2: Hit by Pitch
|
Batting: RHB Ernest Russell
|
0-0: Called Strike 0-1: Foul Ball, location: 2F 0-2: Ball 1-2: Ball 2-2: Strikes out swinging
|
Batting: RHB Richie Miller
|
0-0: Grounds into double play, 4-6-3 (Groundball, 4)
|
Top of the 5th over - 0 run(s), 0 hit(s), 0 error(s), 0 left on base; Menlo 1 - Bismarck 0 |
BOTTOM OF THE 5TH |
Bismarck Barons batting - Pitching for Menlo Maniacs : RHP David Bishop
|
Batting: RHB Pancho Torres
|
0-0: Called Strike 0-1: Ball 1-1: Ball 2-1: Ball 3-1: Fly out, F2 (Popup, 23F)
|
Batting: RHB Michael Thomas
|
0-0: Ball 1-0: Ball 2-0: Called Strike 2-1: Swinging Strike 2-2: Foul Ball, location: 2F 2-2: Ball 3-2: Ground out 5-3 (Groundball, 5)
|
Batting: SHB Jeff Chambers
|
0-0: Ball 1-0: Called Strike 1-1: Ground out 6-3 (Groundball, 6)
|
Bottom of the 5th over - 0 run(s), 0 hit(s), 0 error(s), 0 left on base; Menlo 1 - Bismarck 0 |
TOP OF THE 6TH |
Menlo Maniacs batting - Pitching for Bismarck Barons : LHP Curt Montgomery
|
Batting: LHB Pedro Rodríguez
|
0-0: Ball 1-0: Ball 2-0: Called Strike 2-1: SINGLE (Line Drive, 4D)
|
Batting: LHB Dan Hamilton
|
0-0: Ball 1-0: Ball 2-0: Ball 3-0: Called Strike 3-1: Swinging Strike 3-2: Grounds into double play, U4-3 (Groundball, 4M)
|
Batting: RHB Daryl Floyd
|
0-0: Ball 1-0: Ball 2-0: Ball 3-0: Called Strike 3-1: Foul Ball, location: 2F 3-2: Strikes out swinging
|
Top of the 6th over - 0 run(s), 1 hit(s), 0 error(s), 0 left on base; Menlo 1 - Bismarck 0 |
BOTTOM OF THE 6TH |
Bismarck Barons batting - Pitching for Menlo Maniacs : RHP David Bishop
|
Batting: LHB Jorge Fernández
|
0-0: Ball 1-0: Called Strike 1-1: Fly out, F9 (Flyball, 89M)
|
Batting: LHB John Frost
|
0-0: Ball 1-0: Called Strike 1-1: Ball 2-1: Ball 3-1: Foul Ball, location: 2F 3-2: Base on Balls
|
Batting: RHB Roberto García
|
0-0: Called Strike John Frost steals 2nd base 0-1: Ball 1-1: Called Strike 1-2: Foul Ball, location: 2F 1-2: Foul Ball, location: 2F 1-2: Foul Ball, location: 2F 1-2: Ball 2-2: Foul Ball, location: 2F 2-2: Foul Ball, location: 2F 2-2: Foul Ball, location: 2F 2-2: Foul Ball, location: 2F 2-2: DOUBLE (Line Drive, 5L) John Frost scores
|
Batting: LHB Pedro Díaz
|
0-0: Foul Ball, location: 2F 0-1: SINGLE (Groundball, 34S) Roberto García to third
|
Pitching: RHP Bryan Bray
|
|
Batting: RHB Seiji Kouno
|
0-0: Ball 1-0: Called Strike 1-1: SINGLE (Groundball, 13) (infield hit) Roberto García scores Pedro Díaz to second
|
Batting: SHB Manuel Hegnauer
|
0-0: Called Strike 0-1: Ball 1-1: Foul Ball, location: 2F 1-2: Strikes out swinging
|
Batting: RHB Pancho Torres
|
0-0: Ball 1-0: Called Strike 1-1: Ball 2-1: Called Strike 2-2: Ball 3-2: Base on Balls Pedro Díaz to third Seiji Kouno to second
|
Batting: RHB Michael Thomas
|
0-0: Called Strike 0-1: Ball 1-1: Foul Ball, location: 2F 1-2: Ball 2-2: DOUBLE (Line Drive, 7LS) Pedro Díaz scores Seiji Kouno scores Pancho Torres to third Runner from 3rd tries for Home, SAFE, no throw or cutoff
|
Batting: SHB Jeff Chambers
|
0-0: Swinging Strike 0-1: Swinging Strike 0-2: Ball 1-2: Strikes out swinging
|
Bottom of the 6th over - 5 run(s), 4 hit(s), 0 error(s), 1 left on base; Menlo 1 - Bismarck 5 |
TOP OF THE 7TH |
Menlo Maniacs batting - Pitching for Bismarck Barons : LHP Curt Montgomery
|
Batting: RHB Steve Sampson
|
0-0: Ball 1-0: Ball 2-0: Ball 3-0: Called Strike 3-1: Reached on error, E6 (Groundball, 6)
|
Batting: LHB Paul Alexander
|
0-0: Ball 1-0: SINGLE (Line Drive, 9S) Steve Sampson to second
|
Batting: RHB Philip Burke
|
0-0: Called Strike 0-1: Swinging Strike 0-2: Foul Ball, location: 2F 0-2: Ball 1-2: Ball 2-2: Foul Ball, location: 2F 2-2: Foul Ball, location: 2F 2-2: Strikes out swinging
|
Pitching: RHP Armando Torres
|
|
Batting: RHB Jesús Cuevas
|
0-0: Ball 1-0: Ball 2-0: Ball 3-0: Called Strike 3-1: Base on Balls Steve Sampson to third Paul Alexander to second
|
Batting: RHB Ernest Russell
|
0-0: Reached on error, E4 (Groundball, 4) Steve Sampson scores Paul Alexander to third Jesús Cuevas to second
|
Batting: RHB Richie Miller
|
0-0: Ball Wild Pitch! Paul Alexander scores Jesús Cuevas to third Ernest Russell to second 1-0: DOUBLE (Line Drive, 89XD) Jesús Cuevas scores Ernest Russell scores
|
Pinch Hitting: LHB Jeff Tucker
|
0-0: Ball 1-0: Swinging Strike 1-1: Ground out 5-3 (Groundball, 56)
|
Batting: LHB Dan Hamilton
|
0-0: Reached on error, E1 (Groundball, 13S) Richie Miller scores
|
Batting: RHB Daryl Floyd
|
0-0: Called Strike 0-1: Ball 1-1: Called Strike 1-2: Ball 2-2: SINGLE (Groundball, 56D) Dan Hamilton to third Runner from 3rd tries for Home, SAFE, no throw or cutoff
|
Pitching: LHP Francisco Rodríguez
|
|
Batting: RHB Steve Sampson
|
0-0: Ball Daryl Floyd steals 2nd base 1-0: Ground out 5-3 (Groundball, 5)
|
Top of the 7th over - 6 run(s), 3 hit(s), 3 error(s), 1 left on base; Menlo 7 - Bismarck 5 |
BOTTOM OF THE 7TH |
Bismarck Barons batting - Pitching for Menlo Maniacs : RHP Bryan Bray
|
Now in LF: Jeff Tucker
|
|
Batting: LHB Jorge Fernández
|
0-0: Ground out 6-3 (Groundball, 6M)
|
Batting: LHB John Frost
|
0-0: Called Strike 0-1: Ball 1-1: Called Strike 1-2: Ball 2-2: Foul Ball, location: 2F 2-2: Ball 3-2: Base on Balls
|
Batting: RHB Roberto García
|
0-0: Called Strike John Frost steals 2nd base 0-1: Called Strike John Frost steals 3rd base 0-2: Ball Wild Pitch! John Frost scores 1-2: Ball 2-2: Ball 3-2: Foul Ball, location: 2F 3-2: SINGLE (Groundball, 4MD)
|
Pitching: RHP Domingo Franco
|
|
Batting: LHB Pedro Díaz
|
0-0: Ball 1-0: Called Strike 1-1: SINGLE (Line Drive, 56) Roberto García to second
|
Batting: RHB Seiji Kouno
|
0-0: Foul Ball, location: 2F 0-1: Foul Ball, location: 2F 0-2: Ball 1-2: Foul Ball, location: 2F 1-2: Ball 2-2: Foul Ball, location: 2F 2-2: Grounds into double play, 6-4-3 (Groundball, 6)
|
Bottom of the 7th over - 1 run(s), 2 hit(s), 0 error(s), 1 left on base; Menlo 7 - Bismarck 6 |
TOP OF THE 8TH |
Menlo Maniacs batting - Pitching for Bismarck Barons : LHP Francisco Rodríguez
|
Batting: LHB Paul Alexander
|
0-0: Ball 1-0: Called Strike 1-1: Swinging Strike 1-2: Ball 2-2: Ball 3-2: Strikes out swinging
|
Batting: RHB Philip Burke
|
0-0: Ground out 5-3 (Groundball, 56)
|
Batting: RHB Jesús Cuevas
|
0-0: Ball 1-0: Called Strike 1-1: Ball 2-1: Fly out, F8 (Flyball, 8LXD)
|
Top of the 8th over - 0 run(s), 0 hit(s), 0 error(s), 0 left on base; Menlo 7 - Bismarck 6 |
BOTTOM OF THE 8TH |
Bismarck Barons batting - Pitching for Menlo Maniacs : RHP Domingo Franco
|
Pitching: RHP Steve Poe
|
|
Batting: SHB Manuel Hegnauer
|
0-0: Ball 1-0: Foul Ball, location: 2F 1-1: Called Strike 1-2: Strikes out swinging
|
Batting: RHB Pancho Torres
|
0-0: Ball 1-0: Ball 2-0: Called Strike 2-1: Ball 3-1: Base on Balls
|
Pinch Hitting: LHB Edwin Ryan
|
0-0: Ball 1-0: Called Strike 1-1: Swinging Strike 1-2: Strikes out looking
|
Batting: SHB Jeff Chambers
|
0-0: Foul Ball, location: 2F 0-1: Ball 1-1: Ball 2-1: Fielders Choice at 2nd, 6-4 (Groundball, 6MS)
|
Bottom of the 8th over - 0 run(s), 0 hit(s), 0 error(s), 0 left on base; Menlo 7 - Bismarck 6 |
TOP OF THE 9TH |
Menlo Maniacs batting - Pitching for Bismarck Barons : LHP Francisco Rodríguez
|
Pitching: LHP Rob Lucas
|
|
Now at SS: Tim Johnson
|
|
Batting: RHB Ernest Russell
|
0-0: Fly out, F8 (Line Drive, 8RM)
|
Batting: RHB Richie Miller
|
0-0: Swinging Strike 0-1: Ground out 5-3 (Groundball, 56)
|
Batting: LHB Jeff Tucker
|
0-0: Ball 1-0: Called Strike 1-1: Ball 2-1: Ball 3-1: Called Strike 3-2: SINGLE (Line Drive, 4MD)
|
Pinch Hitting: RHB Júlio Trinidad
|
0-0: Called Strike 0-1: Called Strike 0-2: Foul Ball, location: 2F 0-2: Foul Ball, location: 2F 0-2: Strikes out swinging
|
Top of the 9th over - 0 run(s), 1 hit(s), 0 error(s), 1 left on base; Menlo 7 - Bismarck 6 |
BOTTOM OF THE 9TH |
Bismarck Barons batting - Pitching for Menlo Maniacs : RHP Steve Poe
|
Pitching: RHP James Jones
|
|
Now at 2B: Júlio Trinidad
|
|
Batting: LHB Jorge Fernández
|
0-0: Called Strike 0-1: Ball 1-1: Foul Ball, location: 2F 1-2: Ground out 6-3 (Groundball, 6)
|
Batting: LHB John Frost
|
0-0: Called Strike 0-1: Foul Ball, location: 2F 0-2: Ball 1-2: Strikes out looking
|
Batting: RHB Roberto García
|
0-0: Foul Ball, location: 2F 0-1: Ball 1-1: Called Strike 1-2: Strikes out looking
|
Bottom of the 9th over - 0 run(s), 0 hit(s), 0 error(s), 0 left on base; Menlo 7 - Bismarck 6 |
|